 Dungeon Crawl Stone Soup version 0.22.1-2-g9c5b331383 (webtiles) character file.

144 DildoBatman the Conjurer (level 5, -6/35 HPs)
             Began as a Formicid Wizard on Dec 9, 2018.
             Killed from afar by an orc wizard (7 damage)
             ... with a magic dart
             ... on level 3 of the Dungeon.
             The game lasted 00:06:52 (1546 turns).

DildoBatman the Conjurer (Formicid Wizard)          Turns: 1546, Time: 00:06:53

Health: -6/35      AC:  2    Str: 12    XL:     5   Next: 52%
Magic:  2/9        EV: 12    Int: 18    God:
Gold:   79         SH:  0    Dex:  9    Spells: 4/10 levels left

rFire    . . .     SeeInvis +   a - +2 dagger (holy)
rCold    + . .     Gourm    .   (no shield)
rNeg     . . .     Faith    .   o - +0 robe
rPois    .         Spirit   .   (helmet unavailable)
rElec    .         Reflect  .   (no cloak)
rCorr    .         Harm     .   (no gloves)
MR       .....                  (no boots)
Stlth    ++........             (no amulet)
HPRegen  0.11/turn              p - ring of protection from cold
MPRegen  0.11/turn              (no ring)

@: very slightly contaminated
A: permanent stasis, dig shafts and tunnels, four strong arms, antennae 3
a: Dig, Shaft Self


You were on level 3 of the Dungeon.
You were not hungry.

You visited 1 branch of the dungeon, and saw 3 of its levels.

You collected 79 gold pieces.

Inventory:

Hand Weapons
 a - a +2 dagger of holy wrath (weapon)
Missiles
 b - 5 tomahawks (quivered)
 j - 8 bolts
 m - 37 stones
Armour
 o - a +0 robe (worn)
Jewellery
 p - a ring of protection from cold (left hand)
 q - an uncursed ring of fire
Scrolls
 c - 3 scrolls of identify {unknown}
 d - 3 scrolls of remove curse
 f - 3 scrolls of immolation {unknown}
 g - 2 scrolls of teleportation {unknown}
 h - a scroll of fear {unknown}
 l - a scroll of noise {unknown}
 n - 2 scrolls of fog {unknown}
Potions
 e - a potion of curing {unknown}
 k - a potion of heal wounds
 r - a potion of brilliance {unknown}
Comestibles
 i - 8 chunks of flesh
 v - 4 rations


   Skills:
 * Level 0.1 Fighting
 * Level 1.1 Short Blades
 * Level 0.2 Armour
 * Level 1.8 Dodging
 * Level 2.6 Stealth
 - Level 3.2 Spellcasting
 - Level 4.1 Conjurations
   Level 1.0 Summonings
   Level 0.8 Translocations
 * Level 0.1 Air Magic
 * Level 0.4 Poison Magic


You had 4 spell levels left.
You knew the following spells:

 Your Spells              Type           Power        Failure   Level  Hunger
a - Slow                  Hex            #.......     24%         2    ##.....
c - Magic Dart            Conj           ###.         3%          1    None
e - Mephitic Cloud        Conj/Pois/Air  #.......     26%         3    ###....

Your spell library contained the following spells:

 Spells                   Type           Power        Failure   Level  Hunger
 Call Imp                 Summ           #.......     16%         2    ##.....
 Conjure Flame            Conj/Fire      ##......     21%         3    ###....
 Blink                    Tloc           Unusable     N/A         2    N/A

Dungeon Overview and Level Annotations

Branches:
Dungeon (3/15)

Altars:
Nemelex Xobeh


Innate Abilities, Weirdness & Mutations

You cannot be hasted, slowed, berserked, paralysed or teleported.
You can dig through walls and to a lower floor.
Your four strong arms can wield two-handed weapons with a shield.
You have a pair of large antennae on your head. (SInv)


Message History

The magic dart hits you!
You extend your mandibles.
You dig through the rock wall.
The orc wizard points at you and mumbles some strange words.
The magic dart hits you!
You retract your mandibles.
The orc wizard casts a spell at you.
Your stasis prevents you from being slowed.
As you read the scroll labeled KOSSEN ZYSOA, it crumbles to dust.
You feel blessed for a moment.
It was a scroll of remove curse.
The orc wizard casts a spell at you. The magic dart hits you!
The orc wizard hits you but does no damage.
The orc wizard hits you with a dagger.
The orc wizard is no longer moving quickly.
The orc wizard hits you with a dagger.
The orc wizard gestures at you while chanting.
The magic dart hits you!
You die...

#...# #...........#.##....# #...#
#.........#.#.####'##### #...#
#.............####.....#
###...###..............##.###..#
........'.....................>#
#########..............#.#####'##
# #........+#........# #..... #
#........+.######..# #..... #
#........#@...###..###..... #
#........#..#.#.....##..... ####
#........#o.#.'.....##..... ...#
#........+...##.....##....) ...#
#........###.##.....##.)... ...#
#####...## #.##.....##..)..
...########...# #.##.....#######
...+..........####..#o....#
...###..........###.#.....#


You could see an orc wizard.

Vanquished Creatures
  A killer bee zombie (D:3)
  4 gnolls (D:3)
  2 adders
  2 oozes
  A worm (D:3)
  2 dart slugs (D:1)
  2 leopard geckos
  An orc (D:3)
  6 bats
  4 giant cockroaches
  4 goblins
  8 hobgoblins
  8 kobolds
  A quokka (D:3)
  A ball python (D:3)
  7 frilled lizards
  4 rats
58 creatures vanquished.

Notes
Turn   | Place    | Note
-------+----------+-------------------------------------------
     0 | D:1      | DildoBatman the Formicid Wizard began the quest for the
                  | Orb.
     0 | D:1      | Reached XP level 1. HP: 13/13 MP: 4/4
    17 | D:1      | Reached skill level 1 in Conjurations
   118 | D:1      | Reached XP level 2. HP: 14/19 MP: 0/6
   176 | D:1      | Reached skill level 2 in Conjurations
   361 | D:1      | Reached XP level 3. HP: 2/24 MP: 1/7
   365 | D:1      | Learned a level 2 spell: Slow
   369 | D:1      | Learned a level 3 spell: Mephitic Cloud
   834 | D:2      | Found a sparkling altar of Nemelex Xobeh.
   866 | D:2      | Reached skill level 3 in Conjurations
   866 | D:2      | Reached XP level 4. HP: 30/30 MP: 3/8
   930 | D:2      | You fall through a shaft!
   950 | D:3      | Reached skill level 1 in Short Blades
  1151 | D:3      | Reached XP level 5. HP: 35/35 MP: 4/9
  1202 | D:3      | Reached skill level 4 in Conjurations
  1545 | D:3      | HP: 1/35 [orc wizard/dagger (1)]
  1546 | D:3      | Killed from afar by an orc wizard

Skill      XL: |  1  2  3  4  5 |
---------------+----------------+-----
Conjurations   | 1 2 3 4 |  4.1
Short Blades   | 1 |  1.1
Fighting       | |  0.1
Armour         | |  0.2
Dodging        | |  1.8
Stealth        | |  2.6
Spellcasting   | |  3.2
Summonings     | |  1.0
Translocations | |  0.8
Air Magic      | |  0.1
Poison Magic   | |  0.4

Action                   |  1- 3 |  4- 6 || total
-------------------------+-------+-------++-------
Melee: Unarmed           |    18 |       ||    18
       Mace              |    19 |       ||    19
       Dagger            |     3 |    55 ||    58
Throw: Tomahawk          |       |    11 ||    11
 Cast: Magic Dart        |    61 |    42 ||   103
       Mephitic Cloud    |       |     4 ||     4
 Abil: Dig               |     4 |     3 ||     7
  Use: Potion            |       |     1 ||     1
       Scroll            |       |     1 ||     1
 Stab: Sleeping          |     1 |     1 ||     2
       Confused          |       |     2 ||     2
  Eat: Chunk             |       |     3 ||     3
Armor: Robe              |    15 |     7 ||    22
Dodge: Dodged            |    35 |    39 ||    74
